AoeStats
← TSAO BING

Arabia

503678342Analyzed
4v4 RM · 1mo ago on Sep 1, 2026· 8m 38s· 8 players
Game mode
Random Map
Map size
Large (8 player)
Population
200
Speed
Normal
Resources
Standard
Victory
Conquest
Starting age
Dark Age
Ending age
Imperial Age
RankedLock teamsTeams togetherTeam positionsShared explorationLock speedFull tech treeHidden civsTurbo modeCheats
Victory
Defeat
🇹🇼 Persians · Taiwan
1542
+9
🇹🇼 Franks · Taiwan
1451
+13
🇹🇼 Tupi · Taiwan
1338
+18
🇹🇼 Ethiopians · Taiwan
1287
+52
🇫🇷 Vietnamese · France
1403
-16
🇹🇷 Franks · Türkiye
1397
-16
🇩🇪 Portuguese · Germany
1380
-15
🇩🇪 Ethiopians · Germany
1380
-15
bumbsbomba74
7:19 Loom
9:46 Feudal Age
Tada
9:20 Feudal Age
ip_lucas
Tilikoglu
6:57 Loom
9:38 Feudal Age
TSAO BING
4:36 Loom
7:33 Loom
9:58 Feudal Age
clockwork
7:02 Loom
9:23 Feudal Age
鈸小棒
7:25 Loom
10:21 Feudal Age
kuim
Connection lost

Rejoining the realm…

Still unreachable

The connection could not be restored.

Session expired

The server has moved on; the page needs a fresh start.